 Dungeon Crawl Stone Soup version 0.29.1-15-g9cfb28693d (webtiles) character file.

Game seed: 3722171394647813125

113 Eitelfritz the Slasher (level 4, -1/37 HPs)
             Began as a Minotaur Gladiator on May 1, 2023.
             Slain by an orc wizard
             ... wielding a +0 dagger
              (2 damage)
             ... on level 3 of the Dungeon.
             The game lasted 00:04:41 (2328 turns).

Eitelfritz the Slasher (Minotaur Gladiator)         Turns: 2328, Time: 00:04:42

Health: -1/37      AC:  3    Str: 19    XL:     4   Next: 65%
Magic:  3/3        EV: 12    Int:  7    God:
Gold:   42         SH:  0    Dex: 11    Spells: 3/3 levels left

rFire   . . .      SeeInvis .   a - +1 long sword
rCold   . . .      Faith    .   (no shield)
rNeg    . . .      Spirit   .   b - +0 leather armour
rPois   .          Reflect  .   c - +0 hat
rElec   .          Harm     .   (no cloak)
rCorr   .          Rampage  .   (no gloves)
Will    .....                   (no boots)
Stlth   +.........              (no amulet)
HPRegen 0.12/turn               (no ring)
MPRegen 0.08/turn               (no ring)

@: mighty
A: horns 2, retaliatory headbutt
a: no special abilities


You were on level 3 of the Dungeon.
You visited 1 branch of the dungeon, and saw 3 of its levels.

You collected 134 gold pieces.
You spent 92 gold pieces at shops.

Inventory:

Hand Weapons
 a - a +1 long sword (weapon)
Missiles
 d - 3 throwing nets (quivered)
 e - a javelin
Armour
 b - a +0 leather armour (worn)
 c - a +0 hat (worn)
Scrolls
 n - a scroll of fear
Potions
 q - a potion of degeneration {unknown}
 r - a potion of haste {unknown}


   Skills:
 + Level 2.9 Fighting
 + Level 4.5 Long Blades
 + Level 2.3 Throwing
 + Level 2.3 Armour
 + Level 4.2 Dodging
 + Level 0.2 Stealth


You had 3 spell levels left.
You didn't know any spells.
Your spell library contained the following spells:

 Spells                   Type           Power      Damage    Failure   Level
 Freeze                   Ice            0%         1d3       50%         1
 Frozen Ramparts          Ice            0%         1d1       86%         3
 Hailstorm                Conj/Ice       0%         3d3       99%         4


Dungeon Overview and Level Annotations

Branches:
Dungeon (3/15)

Altars:

Shops:
D:2 *


Innate Abilities, Weirdness & Mutations

You have a pair of horns on your head.
You reflexively headbutt those who attack you in melee.


Message History

You kill the orc priest!
The orc hits you but does no damage.
Your Armour skill increases to level 2!
You have reached level 4!
You feel stronger.
You barely miss the orc wizard. You headbutt the orc wizard!
The orc wizard is severely wounded.
The orc hits you with a +0 club. The orc barely misses you.
The orc wizard misses you. You furiously retaliate!
You headbutt the orc wizard!
You kill the orc wizard!
The orc misses you. The orc closely misses you.
The orc wizard casts a spell.
The orc wizard flickers and vanishes!
Deactivating autopickup; reactivate with Ctrl-A.
Things that are here:
a +0 dagger; a +0 robe; an orc corpse You miss something.
Your headbutt misses something. The orc misses you.
The orc hits you from afar with a +0 trident!
* * * LOW HITPOINT WARNING * * *
Something hits you.
* * * LOW HITPOINT WARNING * * *
Unknown command.
You closely miss something. The orc barely misses you.
Something hits you but does no damage. The orc misses you.
Unknown command.
You feel better. The orc hits you with a +0 club.
The orc hits you from afar with a +0 trident!
* * * LOW HITPOINT WARNING * * *
Something hits you.
* * * LOW HITPOINT WARNING * * *
You feel very mighty all of a sudden. The orc hits you but does no damage.
The orc closely misses you. Something hits you.
* * * LOW HITPOINT WARNING * * *
It was a potion of magic.
Magic courses through your body. The orc closely misses you.
You furiously retaliate!
You headbutt the orc!
You kill the orc!
Something hits you.
You die...

#..# ## #..# ...
#..##.# ###.....
#...... #.#..# .
#########.#.o# ..#
.......<.....###.....
#########.##)@{o.....
#.######..... #.# ..#
#.# # #.. ###


You could see 2 orcs.

Vanquished Creatures
  An orc priest (D:3)
  An orc wizard (D:3)
  2 worms (D:2)
  A dart slug (D:1)
  An orc (D:3)
  5 ball pythons
  5 endoplasms
  A giant cockroach (D:1)
  6 goblins
  4 hobgoblins
  2 jackals (D:2)
  A quokka (D:2)
  8 bats
  2 frilled lizards
  6 kobolds
  5 rats
51 creatures vanquished.

Vanquished Creatures (others)
  4 demonic plants (D:2)
  2 withered plants (D:2)
6 creatures vanquished.

Grand Total: 57 creatures vanquished

Notes
Turn   | Place    | Note
-------+----------+-------------------------------------------
     0 | D:1      | Eitelfritz the Minotaur Gladiator began the quest for the
                  | Orb.
     0 | D:1      | Reached XP level 1. HP: 18/18 MP: 0/0
   267 | D:1      | Reached XP level 2. HP: 25/25 MP: 1/1
   801 | D:1      | Reached XP level 3. HP: 23/30 MP: 2/2
  1093 | D:2      | Found Cenuneb's Assorted Antiques.
  1105 | D:2      | Bought a scroll labelled GUUHYSHRYCRA for 23 gold pieces
  1105 | D:2      | Bought a scroll labelled MOWARIA JERGH for 23 gold pieces
  1329 | D:2      | Found a faded altar of an unknown god.
  1574 | D:2      | Reached skill level 1 in Armour
  2123 | D:2      | Bought a scroll labelled XIYSTR LASI for 23 gold pieces
  2123 | D:2      | Bought a scroll labelled VIAKLO HAIPT for 23 gold pieces
  2322 | D:3      | Reached XP level 4. HP: 16/37 MP: 3/3
  2327 | D:3      | HP: 1/37 [something (3)]
  2328 | D:3      | Slain by an orc wizard

Illustrated notes

Levels and vault maps discovered:
D:1:      roderic_dead_forest, layout_loops_ring
D:2:      minmay_angry_zag, layout_basic, serial_shops, shop,
          shapermc_ecumenical_altar_gd
D:3:      layout_loops_ring, chequers_serial_rivers_micro_b, uniq_natasha

Skill      XL: |  1  2  3 |
---------------+----------+-----
Dodging        | 4 |  4.2
Long Blades    | 4 |  4.5
Armour         | 2 |  2.3
Fighting       | |  2.9
Throwing       | |  2.3
Stealth        | |  0.2

Action                   |  1- 3 |  4- 6 || total
-------------------------+-------+-------++-------
Melee: Long sword        |    98 |     3 ||   101
       Headbutt          |    10 |     1 ||    11
       Punch             |     1 |       ||     1
  Use: Scroll            |    10 |       ||    10
       Potion            |       |     3 ||     3
Armor: Leather armour    |    27 |     2 ||    29
Dodge: Dodged            |    78 |     9 ||    87
